 Dungeon Crawl Stone Soup version 0.29.0-4-gdea44cf6ec (webtiles) character file.

Game seed: 10789152202420411262

35 qw the Ruffian (level 3, -1/28 HPs)
             Began as a Ghoul Fire Elementalist on Aug 29, 2022.
             Slain by a worm (8 damage)
             ... on level 2 of the Dungeon.
             The game lasted 00:01:16 (1100 turns).

qw the Ruffian (Ghoul Fire Elementalist)            Turns: 1100, Time: 00:01:16

Health: -1/28      AC:  3    Str: 12 (13) XL:     3   Next: 35%
Magic:  4/4        EV: 11    Int:  9 (10) God:
Gold:   49         SH:  0    Dex:  8 (9)  Spells: 4/5 levels left

rFire   . . .      SeeInvis .     - Unarmed
rCold   + . .      Faith    .   (no shield)
rNeg    + + +      Spirit   .   f - +0 leather armour
rPois   inf        Reflect  .   (no helmet)
rElec   .          Harm     .   (no cloak)
rCorr   .          Rampage  .   (no gloves)
Will    .....                   (no boots)
Stlth   +.........              g - amulet of the acrobat
HPRegen 0.00/turn               (no ring)
MPRegen 0.09/turn               (no ring)

@: inhibited regen
A: claws 1, cold resistance 1, negative energy resistance 3, inhibited
regeneration, torment resistance 2, devour on kill
a: no special abilities


You were on level 2 of the Dungeon.
You visited 1 branch of the dungeon, and saw 2 of its levels.

You collected 49 gold pieces.


Innate Abilities, Weirdness & Mutations

You are immune to poison.
You have sharp fingernails.
Your flesh is cold resistant. (rC+)
You are immune to negative energy. (rN+++)
You do not regenerate when monsters are visible.
You are immune to unholy pain and torment.
You thrive by killing the living.


   Skills:
 - Level 1.2 Fighting
 - Level 1.7 Dodging
 - Level 2.1 Stealth
 + Level 2.8 Unarmed Combat
 - Level 1.7 Spellcasting
 - Level 0.7 Conjurations
 - Level 2.4 Fire Magic


You had 4 spell levels left.
You knew the following spells:

 Your Spells              Type           Power      Damage    Failure   Level
a - Foxfire               Conj/Fire      12%        2x1d4     22%         1

Your spell library contained the following spells:

 Spells                   Type           Power      Damage    Failure   Level
 Scorch                   Fire           10%        2d5       24%         2
 Conjure Flame            Conj/Fire      3%         6-21      56%         3
 Inner Flame              Hex/Fire       2%         N/A       63%         3
 Flame Wave               Conj/Fire      3%         2d5       92%         4

Inventory:

Armour
 f - a +0 leather armour (worn)
Jewellery
 g - an amulet of the acrobat (around neck)
Scrolls
 b - a scroll of identify
Potions
 c - a potion of might
 e - a potion of mutation
 h - a potion of heal wounds {unknown}

Dungeon Overview and Level Annotations

Branches:
Dungeon (2/15)

Altars:


Message History

You scratch the worm.
The worm is moderately wounded.
The worm bites you!
You scratch the worm but do no damage.
The worm is moderately wounded.
The worm misses you.
You scratch the worm but do no damage.
The worm is moderately wounded.
You scratch the worm.
The worm is moderately wounded.
The worm misses you.
You scratch the worm but do no damage.
The worm is moderately wounded.
You scratch the worm.
The worm is heavily wounded.
The worm bites you!
You completely miss the worm.
The worm is heavily wounded.
You scratch the worm.
The worm is heavily wounded.
The worm barely misses you.
You scratch the worm but do no damage.
The worm is heavily wounded.
You scratch the worm but do no damage.
The worm is heavily wounded.
The worm misses you.
You scratch the worm.
The worm is severely wounded.
You scratch the worm but do no damage.
The worm is severely wounded.
The worm bites you.
You scratch the worm.
The worm is severely wounded.
The worm misses you.
You barely miss the worm.
The worm is heavily wounded.
You scratch the worm. You claw the worm, but do no damage.
The worm is severely wounded.
The worm bites you!
You die...

...............
.......................
....... .............#
#..... ##............#
#....#..# #...........
###....##.# #..........#
.##....##.# #..w.>....#
.##....##.#####.@......#
.##....%........##......
................# .....
................. ....
###......(....... ...
#....###..#.... ##
###### ##...... #......
!....


You could see a worm.

Vanquished Creatures
  A worm (D:2)
  A dart slug (D:1)
  4 endoplasms (D:1)
  A giant cockroach (D:1)
  2 goblins (D:1)
  3 hobgoblins
  3 kobolds
  3 ball pythons (D:1)
  6 bats
  3 frilled lizards (D:1)
  A rat (D:1)
28 creatures vanquished.

Notes
Turn   | Place    | Note
-------+----------+-------------------------------------------
     0 | D:1      | qw the Ghoul Fire Elementalist began the quest for the Orb.
     0 | D:1      | Reached XP level 1. HP: 14/14 MP: 2/2
     0 | D:1      | 0 ||| qw: Version: 0.1-a-90-g952f4b7
     0 | D:1      | 0 ||| qw: Game counter: 3745
     0 | D:1      | 0 ||| qw: Always use a shield: true
     0 | D:1      | 0 ||| qw: God list: Okawaru
     0 | D:1      | 0 ||| qw: Allow faded altars: false
     0 | D:1      | 0 ||| qw: Do Orc after D:15 true
     0 | D:1      | 0 ||| qw: Do second Lair branch before Depths: true
     0 | D:1      | 0 ||| qw: Lair rune preference: random
     0 | D:1      | 0 ||| qw: Plans: Normal
     0 | D:1      | 0 ||| PLANNING D:1-11
    10 | D:1      | 10 ||| Stepping ~*~*~tactically~*~*~ (stealth).
    50 | D:1      | Reached skill level 1 in Unarmed Combat
    92 | D:1      | Reached skill level 1 in Fighting
    92 | D:1      | Reached XP level 2. HP: 23/23 MP: 3/3
   129 | D:1      | 129 ||| Stepping ~*~*~tactically~*~*~ (stealth).
   242 | D:1      | 242 ||| Stepping ~*~*~tactically~*~*~ (outnumbered).
   369 | D:1      | 369 ||| Stepping ~*~*~tactically~*~*~ (stealth).
   403 | D:1      | 403 ||| Stepping ~*~*~tactically~*~*~ (outnumbered).
   459 | D:1      | You fall into a shaft and drop 1 floor!
   485 | D:2      | Reached XP level 3. HP: 23/28 MP: 4/4
   627 | D:2      | 627 ||| UPGRADING to amulet of the acrobat.
   632 | D:2      | 632 ||| READING scroll labelled BAEGUEM SEQEA.
   649 | D:2      | 649 ||| READING scroll labelled ENTOPNUIDI.
   650 | D:2      | 650 ||| READING scroll labelled VUBUVV YMARALA.
   651 | D:2      | 651 ||| DRINKING 2 coppery potions.
   652 | D:2      | 652 ||| DRINKING 2 murky sapphire potions.
   653 | D:2      | 653 ||| DROPPING potion of magic.
   823 | D:1      | Found a faded altar of an unknown god.
   860 | D:1      | 860 ||| Stepping ~*~*~tactically~*~*~ (stealth).
   862 | D:1      | 862 ||| Stepping ~*~*~tactically~*~*~ (stealth).
  1048 | D:1      | 1048 ||| UPGRADING to +0 leather armour.
  1058 | D:1      | 1058 ||| DROPPING +0 robe.
  1059 | D:1      | 1059 ||| READING scroll labelled HIATSAENI.
  1097 | D:2      | HP: 7/28 [worm (3)]
  1100 | D:2      | Slain by a worm

Levels and vault maps discovered:
D:1:      ncdulo_lavacross, layout_basic,
          dreamdust_ecumenical_altar_angels_and_demons
D:2:      layout_rooms, uniq_natasha

Skill      XL: |  1  2 |
---------------+-------+-----
Unarmed Combat | 1 2 |  2.8
Fighting       | 1 |  1.2
Dodging        | |  1.7
Stealth        | |  2.1
Spellcasting   | |  1.7
Conjurations   | |  0.7
Fire Magic     | |  2.4

Action                   || total
-------------------------++-------
Melee: Unarmed           ||   120
       Punch             ||     2
  Use: Scroll            ||     4
       Potion            ||     2
 Stab: Sleeping          ||     1
Armor: Robe              ||    16
Dodge: Dodged            ||    65

Table legend:
 A = Non-vault XP
 B = Vault XP
 C = Vault XP percentage of total XP
 D = Non-vault monster count
 E = Vault monster count
 F = Vault count percentage of total count
                 A         B        C        D         E       F
            +---------+---------+-------+---------+---------+-------
      Total |      51 |       0 |   0.0 |      28 |       0 |   0.0
            +---------+---------+-------+---------+---------+-------
        D:1 |      41 |       0 |   0.0 |      24 |       0 |   0.0
        D:2 |      10 |       0 |   0.0 |       4 |       0 |   0.0
            +---------+---------+-------+---------+---------+-------
